[Event "Titled Tuesday Blitz November 15 Late 2022"]
[White "Kamsky, Gata"]
[Black "He, Samuel"]
[WhiteFideId "2000024"]
[BlackFideId "2087235"]
[WhiteElo "2666"]
[BlackElo "2605"]
[Result "1-0"]
[Round "04"]
[TimeControl "180+1"]
[Date "2022.11.16"]
[WhiteClock "0:00:11"]
[BlackClock "0:00:01"]

1. e4 e5 2. Nf3 Nc6 3. Bb5 Nf6 4. O-O Nxe4 5. d4 Nd6 6. Bxc6 dxc6 7. dxe5 Nf5 8. Qxd8+ Kxd8 9. Rd1+ Ke8 10. Nc3 Ne7 11. h3 Ng6 12. b3 Be7 13. Bb2 h5 14. Ne4 Nf4 15. c4 Bf5 16. Ng3 Bg6 17. Nd4 Ne6 18. Ndf5 h4 19. Nxe7 hxg3 20. Nxg6 gxf2+ 21. Kxf2 fxg6 22. Ke3 Rh4 23. Rf1 Ke7 24. Rad1 c5 25. Rf3 a5 26. a4 g5 27. Rdf1 Rf4 28. Rxf4 gxf4+ 29. Ke4 g6 30. Bc3 b6 31. Rd1 Rf8 32. Kf3 Rf5 33. h4 Rh5 34. Kg4 Rf5 35. Rd3 Rh5 36. Bd2 Rf5 37. Rf3 Rxe5 38. Bxf4 Re4 39. g3 Nd4 40. Rd3 Kf6 41. Kh3 Ne6 42. Bh6 Nd4 43. g4 Re2 44. Bf4 Ne6 45. Rf3 Nd4 46. Rd3 Ne6 47. Bg3 Rb2 48. Rf3+ Ke7 49. Be5 Nd4 50. Re3 Kd7 51. Rd3 Rxb3 52. Rxb3 Nxb3 53. h5 gxh5 54. gxh5 Ke6 55. h6 Kxe5 56. h7 Kd4 57. h8=Q+ Kxc4 58. Qc8 c6 59. Qc7 b5 60. Qf4+ Nd4 61. Qd2 b4 62. Qc1+ Kb3 63. Qxc5 Nc2 64. Qxa5 Nd4 65. Qc5 Nf3 66. a5 1-0


[Site "https://www.chess.com"]

[Event "Titled Tuesday Blitz November 15 Late 2022"]
[White "Karas, Marek"]
[Black "Tan, Zhongyi"]
[WhiteFideId "14928558"]
[BlackFideId "8603642"]
[WhiteElo "2220"]
[BlackElo "2510"]
[Result "0-1"]
[Round "04"]
[TimeControl "180+1"]
[Date "2022.11.16"]
[WhiteClock "0:00:07"]
[BlackClock "0:00:18"]

1. d4 d5 2. Nf3 Nf6 3. Bf4 Bf5 4. e3 e6 5. c4 Bxb1 6. Rxb1 Bb4+ 7. Ke2 dxc4 8. Qc2 b5 9. g3 Nbd7 10. Bg2 Nd5 11. Ne5 Nxe5 12. Bxe5 O-O 13. e4 Nb6 14. Rhd1 Bd6 15. Kf1 Bxe5 16. dxe5 Qe7 17. b3 Rfd8 18. bxc4 Nxc4 19. Qc3 Qc5 20. Kg1 a6 21. Bf1 Qxe5 22. Qc1 Nd6 23. Qxc7 Rac8 24. Qb6 Qxe4 25. Qxa6 h5 26. h4 Qf5 27. Bd3 Qc5 28. Be2 Ra8 29. Rxd6 Qxd6 30. Qxb5 Rab8 0-1


[Site "https://www.chess.com"]

[Event "Titled Tuesday Blitz November 15 Late 2022"]
[White "Kaufman, Raymond"]
[Black "Andronescu, Madalin"]
[WhiteFideId "2015056"]
[BlackFideId "1217275"]
[WhiteElo "2321"]
[BlackElo "1946"]
[Result "1-0"]
[Round "04"]
[TimeControl "180+1"]
[Date "2022.11.16"]
[WhiteClock "0:01:41"]
[BlackClock "0:00:05"]

1. e4 c5 2. Nf3 d6 3. d4 cxd4 4. Nxd4 Nf6 5. Nc3 a6 6. Bg5 e6 7. f4 Be7 8. Qf3 Nbd7 9. O-O-O Qc7 10. g4 b5 11. Bxf6 Nxf6 12. g5 Nd7 13. f5 O-O 14. Rg1 b4 15. Nce2 Bb7 16. f6 Ne5 17. Qh3 Bd8 18. Nf4 Bxe4 19. fxg7 Re8 20. Nh5 Rc8 21. Rd2 Qa5 22. Kb1 b3 23. Nxb3 Bxc2+ 24. Rxc2 Qe1+ 25. Rc1 Rxc1+ 26. Nxc1 Nc4 27. Bd3 Nd2+ 28. Kc2 Qxg1 29. Nf6+ Bxf6 30. Qxh7# 1-0


[Site "https://www.chess.com"]

[Event "Titled Tuesday Blitz November 15 Late 2022"]
[White "Khandelwal, Ankush"]
[Black "Djokic, Mihailo"]
[WhiteFideId "413470"]
[BlackFideId "976440"]
[WhiteElo "2271"]
[BlackElo "2315"]
[Result "0-1"]
[Round "04"]
[TimeControl "180+1"]
[Date "2022.11.16"]
[WhiteClock "0:00:59"]
[BlackClock "0:01:26"]

1. e4 c5 2. Nf3 d6 3. d4 cxd4 4. Nxd4 Nf6 5. Nc3 g6 6. Be3 Bg7 7. f3 O-O 8. Qd2 Nc6 9. O-O-O Bd7 10. h4 Rc8 11. g4 Ne5 12. h5 Qa5 13. Kb1 Nxf3 14. Nxf3 Rxc3 15. Qxc3 Qxc3 16. bxc3 Bxg4 17. Be2 Nxe4 18. Kc1 Nxc3 19. Kd2 Nxd1 20. Rxd1 Bxh5 21. Rb1 b6 22. a4 Rc8 23. Nd4 Bxd4 24. Bxd4 Bxe2 25. Kxe2 Rxc2+ 26. Kd3 Rc8 27. a5 bxa5 28. Rb7 e5 29. Bc3 Rc5 30. Rxa7 h5 31. Rd7 h4 32. Rxd6 h3 33. Rd8+ Kg7 34. Re8 h2 0-1


[Site "https://www.chess.com"]

[Event "Titled Tuesday Blitz November 15 Late 2022"]
[White "Kirillov, Dmitry"]
[Black "Wieczorek, Oskar"]
[WhiteFideId "34180572"]
[BlackFideId "1133950"]
[WhiteElo "2095"]
[BlackElo "2404"]
[Result "0-1"]
[Round "04"]
[TimeControl "180+1"]
[Date "2022.11.16"]
[WhiteClock "0:00:01"]
[BlackClock "0:00:14"]

1. e4 c5 2. Nc3 e6 3. Nge2 Nc6 4. g3 d5 5. exd5 exd5 6. d4 Bg4 7. Bg2 Nxd4 8. O-O Nxe2+ 9. Nxe2 Nf6 10. h3 Be6 11. Nf4 Bd6 12. Nxe6 fxe6 13. Re1 Qd7 14. Bxd5 Nxd5 15. Qxd5 O-O-O 16. Qxe6 Rhe8 17. Qxd7+ Kxd7 18. Rxe8 Rxe8 19. Bd2 Be5 20. Rd1 Kc6 21. c3 Bf6 22. Kf1 b5 23. Bf4 b4 24. c4 Bxb2 25. Rd6+ Kb7 26. Be3 Rc8 27. Ke2 a5 28. Kd3 a4 29. Kc2 Bf6 30. Rd7+ Kb6 31. Rd6+ Kb7 32. Rd5 Ra8 33. Bxc5 b3+ 34. axb3 a3 35. Bxa3 Rxa3 36. Rb5+ Kc6 37. Kd3 Ra2 38. f4 h5 39. Rxh5 Rg2 40. g4 Rf2 41. f5 Rf3+ 42. Kc2 Rc3+ 43. Kd2 Rxb3 44. g5 Bd4 45. Rh7 Rg3 46. f6 gxf6 47. gxf6 Bxf6 48. Rh6 Rf3 49. Ke2 Rf5 50. Ke3 Kc5 51. Ke4 Rf1 52. h4 Kxc4 53. h5 Kc5 54. Rh7 Kd6 55. h6 Ke6 56. Ra7 Rh1 57. h7 Be7 58. Ra6+ Kf7 59. Ra7 Rxh7 60. Kf5 Rh5+ 61. Kg4 Re5 62. Kf4 Rb5 63. Ke4 Ke6 64. Ra6+ Bd6 65. Ra8 Rb4+ 66. Kd3 Kd5 67. Rd8 Rb3+ 68. Kc2 Rh3 69. Kd2 Ke5 70. Rd7 Bc5 71. Rd8 Ke4 72. Kc2 Bd4 73. Re8+ Kd5 74. Rd8+ Kc4 75. Rc8+ Bc5 76. Kd1 Rh2 77. Ke1 Kd4 78. Rd8+ Ke4 79. Re8+ Kd3 80. Rd8+ Bd4 81. Rf8 Rg2 82. Kf1 Rg1# 0-1


[Site "https://www.chess.com"]

[Event "Titled Tuesday Blitz November 15 Late 2022"]
[White "Kleiman, Jake"]
[Black "Prithu Gupta"]
[WhiteFideId "2020041"]
[BlackFideId "46618546"]
[WhiteElo "2641"]
[BlackElo "2344"]
[Result "1-0"]
[Round "04"]
[TimeControl "180+1"]
[Date "2022.11.16"]
[WhiteClock "0:00:08"]
[BlackClock "0:00:04"]

1. Nf3 d5 2. g3 g6 3. Bg2 Bg7 4. O-O c5 5. d3 Nc6 6. Nbd2 e5 7. e4 d4 8. a4 Nge7 9. Nc4 O-O 10. Nh4 f5 11. exf5 gxf5 12. f4 exf4 13. Bxf4 Be6 14. Qd2 Nd5 15. Bd6 Ne3 16. Bxf8 Nxf1 17. Rxf1 Qxf8 18. Qg5 Qe7 19. Qh5 Rf8 20. Re1 Qd7 21. Nf3 Bf7 22. Qh4 Nb4 23. Nfe5 Qe6 24. Re2 Bf6 25. Qf4 Re8 26. Bf3 Nd5 27. Qh6 Ne3 28. Nxf7 Qxf7 29. Nxe3 dxe3 30. c3 Bg7 31. Qf4 Qe6 32. Kg2 Bh6 33. Qh4 b6 34. c4 Kg7 35. Bd5 Qf6 36. Qh5 f4 37. Qxe8 fxg3 38. hxg3 1-0


[Site "https://www.chess.com"]

[Event "Titled Tuesday Blitz November 15 Late 2022"]
[White "Kollars, Dmitrij"]
[Black "Mendonca, Mateus Nakajo"]
[WhiteFideId "12909572"]
[BlackFideId "2110954"]
[WhiteElo "2584"]
[BlackElo "2310"]
[Result "1-0"]
[Round "04"]
[TimeControl "180+1"]
[Date "2022.11.15"]
[WhiteClock "0:00:07"]
[BlackClock "0:00:02"]

1. c4 e6 2. Nc3 d5 3. d4 c6 4. Nf3 dxc4 5. g3 b5 6. Bg2 Bb7 7. O-O Nf6 8. e4 Be7 9. Bg5 Nbd7 10. Nd2 O-O 11. e5 Nd5 12. Bxe7 Nxc3 13. bxc3 Qxe7 14. a4 a6 15. Qb1 Nb6 16. a5 Nd5 17. Ne4 Rfd8 18. Qb2 Rac8 19. Nc5 Rb8 20. f4 Bc8 21. Be4 Qa7 22. Bxd5 Rxd5 23. Qb4 Bd7 24. g4 f5 25. gxf5 exf5 26. Ra2 Re8 27. Rg2 Bc8 28. h3 Qe7 29. Kh2 Kh8 30. Rfg1 Rg8 31. Qb2 Rxc5 32. dxc5 Be6 33. Qf2 Bd5 34. Rg5 Be4 35. Qd4 h6 36. Rg6 Qh4 37. Qe3 Kh7 38. Rd6 Bd5 39. Rgg6 Qh5 40. Qf2 Bf7 41. Rg1 Bd5 42. Rdg6 Qxg6 43. Rxg6 Kxg6 44. Qh4 Re8 45. Kg1 Re6 46. Qe1 Re8 47. Kf2 Re6 48. Ke3 Re8 49. Kd2 Be4 50. Kc1 Bd5 51. Qh4 Re6 52. Kb2 Re8 53. Ka3 Be6 54. Qf2 Bd5 55. Qg3+ Kh7 56. Kb4 Be6 57. Qg2 Bd5 58. Qf2 Kg6 59. Qh4 Kh7 60. Qh5 Re7 61. Qxf5+ Kh8 62. Qc8+ Kh7 63. Qxa6 Be6 64. Qxc6 Bxh3 65. a6 Rd7 66. Qe4+ g6 67. c6 Rd1 68. a7 Bf5 69. Qxf5 gxf5 70. a8=Q 1-0


[Site "https://www.chess.com"]

[Event "Titled Tuesday Blitz November 15 Late 2022"]
[White "Kopylov, Alexander A."]
[Black "Gorodetzky, David"]
[WhiteFideId "4164857"]
[BlackFideId "2813416"]
[WhiteElo "2436"]
[BlackElo "2497"]
[Result "0-1"]
[Round "04"]
[TimeControl "180+1"]
[Date "2022.11.15"]
[WhiteClock "0:00:03"]
[BlackClock "0:00:06"]

1. e4 e5 2. Nf3 Nc6 3. Bc4 Bc5 4. d3 Nf6 5. Be3 Bxe3 6. fxe3 O-O 7. O-O Na5 8. Bb3 Nxb3 9. axb3 d6 10. Nbd2 Be6 11. Ng5 Bd7 12. Qe1 h6 13. Ngf3 Nh7 14. Nh4 g6 15. Qg3 Qg5 16. Qxg5 hxg5 17. Nhf3 Kg7 18. Ra5 b6 19. Raa1 a5 20. Nc4 f5 21. Nfd2 f4 22. c3 Nf6 23. Rae1 b5 24. Na3 Ng4 25. Nc2 Rh8 26. h3 Nh6 27. d4 Nf7 28. Ra1 g4 29. hxg4 g5 30. c4 b4 31. c5 Bxg4 32. cxd6 cxd6 33. Rfe1 Rhc8 34. Nc4 a4 35. Nxb4 axb3 36. Rxa8 Rxa8 37. Rc1 Ra4 38. Nd5 exd4 39. exd4 Be2 40. Ndb6 Rb4 41. Kf2 Bd3 42. Kf3 Nh6 43. e5 dxe5 44. Nxe5 Rxb6 45. Nxd3 Rd6 46. Ke4 Ng4 47. Rc5 Nf6+ 48. Kf3 Rxd4 49. Nc1 g4+ 50. Ke2 Ne4 51. Rc7+ Kf6 52. Nxb3 Rb4 53. Rc6+ Ke5 54. Nc1 Rxb2+ 55. Kd3 Rd2+ 0-1


[Site "https://www.chess.com"]

[Event "Titled Tuesday Blitz November 15 Late 2022"]
[White "Krallis, Christos"]
[Black "Luxama, Jacques Muller"]
[WhiteFideId "4298896"]
[BlackFideId "11900113"]
[WhiteElo "2243"]
[BlackElo "1931"]
[Result "1-0"]
[Round "04"]
[TimeControl "180+1"]
[Date "2022.11.16"]
[WhiteClock "0:00:23"]
[BlackClock "0:00:02"]

1. e4 c5 2. Nf3 d6 3. d4 cxd4 4. Nxd4 Nf6 5. Nc3 a6 6. Rg1 h5 7. Bg5 e5 8. Nb3 Be6 9. Qd2 Be7 10. O-O-O Nbd7 11. Kb1 Rc8 12. g3 Rxc3 13. Bxf6 Nxf6 14. Qxc3 Nxe4 15. Qe1 Nf6 16. Bg2 Qc7 17. f4 O-O 18. Qa5 b6 19. Qxa6 exf4 20. gxf4 Bg4 21. Rde1 Bc8 22. Qe2 Re8 23. Qd2 Rd8 24. Bf1 d5 25. Bd3 Ne4 26. Qg2 Bf6 27. Bxe4 dxe4 28. Qxe4 Be6 29. Rd1 Rc8 30. f5 Bc4 31. Rd2 b5 32. Rdg2 Kf8 33. Qe1 Re8 34. Qb4+ Qe7 35. Qxe7+ Rxe7 36. Na5 Bd5 37. Rd2 Re5 38. Rgd1 Be4 39. Rd8+ Bxd8 40. Rxd8+ Ke7 41. Rd4 Bxf5 42. Nc6+ Kf6 43. Nxe5 Kxe5 44. Rb4 Bd7 45. c4 bxc4 46. a4 f5 47. a5 Bc6 48. Rb6 Be4+ 49. Kc1 f4 50. Kd2 g5 51. a6 g4 52. Rh6 g3 53. hxg3 fxg3 54. Rxh5+ Kd4 55. a7 g2 56. Rg5 Bf3 57. Rg3 Bb7 58. Rg7 Be4 59. Rg4 Kd5 60. Rxe4 Kxe4 61. a8=Q+ Kf4 62. Qxg2 1-0


[Site "https://www.chess.com"]

[Event "Titled Tuesday Blitz November 15 Late 2022"]
[White "Krasteva, Beloslava"]
[Black "Pham, Khoi"]
[WhiteFideId "2922029"]
[BlackFideId "1054988"]
[WhiteElo "2187"]
[BlackElo "2461"]
[Result "1-0"]
[Round "04"]
[TimeControl "180+1"]
[Date "2022.11.16"]
[WhiteClock "0:00:12"]
[BlackClock "0:00:15"]

1. c4 g6 2. d4 Bg7 3. e4 d6 4. Nc3 c5 5. d5 Bxc3+ 6. bxc3 e5 7. f4 Nd7 8. Nf3 Qe7 9. Bd3 Ngf6 10. O-O O-O 11. fxe5 Nxe5 12. Nxe5 Qxe5 13. Bf4 Qxc3 14. Bxd6 Bg4 15. Be2 Bxe2 16. Qxe2 Qd4+ 17. Kh1 Rfe8 18. e5 Nd7 19. Rad1 Qc3 20. Rf3 Qa5 21. Rdf1 f5 22. e6 Nf6 23. Rxf5 gxf5 24. Rxf5 Qb6 25. Be5 Qb1+ 26. Rf1 Qe4 27. Qb2 Ng4 28. Bh8 Re7 29. d6 Qxc4 30. Rf5 h6 31. dxe7 Qd4 32. Bxd4 cxd4 33. Qxd4 Rc8 34. Qxg4+ Kh7 35. Rf7+ Kh8 36. Qg7# 1-0


[Site "https://www.chess.com"]

[Event "Titled Tuesday Blitz November 15 Late 2022"]
[White "Krishnan, Varun"]
[Black "Zhalmakhanov, Ramazan"]
[WhiteFideId "5054508"]
[BlackFideId "13706357"]
[WhiteElo "2557"]
[BlackElo "2405"]
[Result "0-1"]
[Round "04"]
[TimeControl "180+1"]
[Date "2022.11.16"]
[WhiteClock "0:00:01"]
[BlackClock "0:00:05"]

1. e4 c5 2. Nf3 Nc6 3. d4 cxd4 4. Nxd4 g6 5. Nc3 Bg7 6. Be3 Nf6 7. Bc4 O-O 8. Bb3 Re8 9. O-O d6 10. h3 Na5 11. f4 b6 12. e5 dxe5 13. fxe5 Nxb3 14. axb3 Nd5 15. Qf3 Nxe3 16. Qxe3 Bb7 17. Rad1 Qc7 18. e6 f5 19. Qg5 Rad8 20. Nce2 Ba6 21. c4 Qc5 22. Qe3 Rd6 23. Rf4 Bh6 24. Kh2 Bb7 25. Qg3 Bxf4 26. Qxf4 Red8 27. h4 Be4 28. Qe3 Qe5+ 29. Kg1 f4 30. Qf2 Rxe6 31. Re1 Rf6 32. Nc3 Qxd4 33. Nxe4 Qxf2+ 34. Kxf2 Re6 35. Kf3 Rd3+ 36. Kxf4 Rxb3 37. g4 Kg7 38. Rd1 Rxb2 39. Rd7 Rb4 40. Ng5 Rxc4+ 41. Kf3 Rc3+ 42. Kf4 Rc4+ 43. Kf3 Re5 0-1


[Site "https://www.chess.com"]

[Event "Titled Tuesday Blitz November 15 Late 2022"]
[White "Kujawski, Adam"]
[Black "Artemenko, Oleg"]
[WhiteFideId "1100920"]
[BlackFideId "14201798"]
[WhiteElo "2053"]
[BlackElo "2287"]
[Result "0-1"]
[Round "04"]
[TimeControl "180+1"]
[Date "2022.11.16"]
[WhiteClock "0:00:24"]
[BlackClock "0:01:55"]

1. e4 e5 2. Nf3 Nc6 3. Bb5 a6 4. Ba4 Nf6 5. O-O Nxe4 6. d4 b5 7. Bb3 d5 8. dxe5 Be6 9. Nbd2 Be7 10. Nxe4 dxe4 11. Bxe6 fxe6 12. Ng5 Qxd1 13. Rxd1 Bxg5 14. Bxg5 Rf8 15. a4 b4 16. c3 Rf5 17. Be3 Rxe5 18. cxb4 Nxb4 19. Rac1 Rc8 20. Rd4 Nd3 21. Rc6 a5 22. b3 Ke7 23. f3 Rb8 24. Rxc7+ Kf6 25. fxe4 Rxb3 26. Rc8 Rb1+ 0-1


[Site "https://www.chess.com"]

[Event "Titled Tuesday Blitz November 15 Late 2022"]
[White "Kumala, Aleksander"]
[Black "Li, Xueyi"]
[WhiteFideId "1141880"]
[BlackFideId "8605912"]
[WhiteElo "2269"]
[BlackElo "2197"]
[Result "1/2-1/2"]
[Round "04"]
[TimeControl "180+1"]
[Date "2022.11.16"]
[WhiteClock "0:00:08"]
[BlackClock "0:00:09"]

1. d4 d5 2. Bg5 f6 3. Bd2 Bf5 4. f3 e6 5. Nc3 Bg6 6. h4 Bd6 7. Be3 Ne7 8. h5 Bf7 9. Qd2 Nd7 10. g4 Bg3+ 11. Bf2 Bxf2+ 12. Kxf2 c5 13. e4 cxd4 14. Qxd4 Nc6 15. Qd2 Qb6+ 16. Kg2 d4 17. Nb5 O-O 18. b3 a6 19. Nd6 Kh8 20. Nxf7+ Rxf7 21. Bc4 Re7 22. Ne2 Nde5 23. Bd3 Nxd3 24. cxd3 Rc7 25. Rac1 Rac8 26. Qf4 e5 27. Qg3 Nb4 28. h6 g5 29. Rxc7 Qxc7 30. Rc1 Qd8 31. Rxc8 Qxc8 32. Qe1 Nxd3 33. Qa5 Nf4+ 34. Nxf4 gxf4 35. Qb6 Qf8 36. Qxb7 Qxh6 37. Qc8+ Kg7 38. Qd7+ Kg8 39. Qc8+ Qf8 40. Qxa6 Qd8 41. Qe6+ Kg7 42. g5 d3 43. Qxf6+ Qxf6 44. gxf6+ Kxf6 45. Kf2 h5 46. a4 h4 47. a5 h3 48. a6 d2 49. a7 d1=Q 50. a8=Q Qd2+ 51. Kf1 h2 52. Qf8+ Ke6 53. Qe8+ Kf6 54. Qf8+ Kg5 55. Qg7+ Kh5 56. Qh7+ Kg5 57. Qg7+ Kh5 58. Qh7+ Kg5 59. Qf5+ Kh6 60. Qf6+ Kh7 61. Qf7+ Kh6 62. Qe6+ Kh7 63. Qf5+ Kh6 64. Qf8+ Kh7 65. Qe7+ Kh6 66. Qf6+ Kh7 67. Qf7+ Kh6 68. Qf6+ 1/2-1/2


[Site "https://www.chess.com"]

[Event "Titled Tuesday Blitz November 15 Late 2022"]
[White "Kuzmicz, Krystian"]
[Black "Arnold, Ken"]
[WhiteFideId "1119125"]
[BlackFideId "2056836"]
[WhiteElo "2380"]
[BlackElo "2347"]
[Result "1-0"]
[Round "04"]
[TimeControl "180+1"]
[Date "2022.11.16"]
[WhiteClock "0:00:33"]
[BlackClock "0:00:25"]

1. e4 c6 2. Nf3 d5 3. d3 dxe4 4. dxe4 Qxd1+ 5. Kxd1 Bg4 6. Be2 Nd7 7. Ne1 Bxe2+ 8. Kxe2 g6 9. Nc3 Bg7 10. Be3 a6 11. a4 Ngf6 12. f3 h5 13. a5 Ne5 14. b3 Ned7 15. Ra4 Ng4 16. Bd2 Nge5 17. f4 Ng4 18. h3 Nh6 19. Nd3 e5 20. g3 h4 21. gxh4 exf4 22. Rb4 f3+ 23. Kxf3 O-O-O 24. Na4 f5 25. Bf4 fxe4+ 26. Rxe4 Rhf8 27. Ndc5 Rde8 28. Nxd7 Rxf4+ 29. Kxf4 Rxe4+ 30. Kxe4 Kxd7 31. Nc5+ Ke7 32. Nxb7 Nf5 33. Rg1 Kf6 34. Nc5 Nxh4 35. Nxa6 Nf5 36. Nc5 Nd6+ 37. Kd3 g5 38. a6 Nb5 39. c4 1-0


[Site "https://www.chess.com"]

[Event "Titled Tuesday Blitz November 15 Late 2022"]
[White "Leschinsky, Gary"]
[Black "Rorrer, Grayson"]
[WhiteFideId "30951321"]
[BlackFideId "30944996"]
[WhiteElo "1855"]
[BlackElo "2130"]
[Result "1/2-1/2"]
[Round "04"]
[TimeControl "180+1"]
[Date "2022.11.16"]
[WhiteClock "0:00:04"]
[BlackClock "0:00:07"]

1. d4 Nf6 2. c4 e6 3. Nc3 Bb4 4. e3 O-O 5. Bd2 d5 6. Nf3 b6 7. cxd5 exd5 8. Bd3 Bb7 9. O-O Nbd7 10. Ne5 Re8 11. f4 c5 12. Be1 Bxc3 13. Bxc3 cxd4 14. Bxd4 Ne4 15. Rc1 f6 16. Nxd7 Qxd7 17. Qe2 Rec8 18. Bb5 Qe6 19. a3 Rxc1 20. Rxc1 Rc8 21. Rxc8+ Qxc8 22. Qd1 Ba6 23. Bxa6 Qxa6 24. Qg4 Qc4 25. Qe6+ Kf8 26. h3 Qc1+ 27. Kh2 Nd2 28. Qd6+ Ke8 29. Qe6+ Kd8 30. Qxd5+ Kc7 31. Qf7+ Kc6 32. Qe8+ Kb7 33. Qd7+ Ka6 34. Qa4+ Kb7 35. Qd7+ Kb8 36. Kg3 Qe1+ 37. Kg4 Qe2+ 38. Kf5 Qxg2 39. Qd8+ Kb7 40. Qd7+ Kb8 41. Qe8+ Kc7 42. Qf7+ Kd8 43. Qf8+ Kd7 44. Qf7+ Kd8 45. Qf8+ Kc7 46. Qe7+ Kc6 47. Qe8+ Kb7 48. Qd7+ Ka6 49. Qa4+ Kb7 50. Qd7+ 1/2-1/2


[Site "https://www.chess.com"]

[Event "Titled Tuesday Blitz November 15 Late 2022"]
[White "Makridis, Dimitrios"]
[Black "Molenda, Marcin"]
[WhiteFideId "25864475"]
[BlackFideId "1173065"]
[WhiteElo "2272"]
[BlackElo "2281"]
[Result "1-0"]
[Round "04"]
[TimeControl "180+1"]
[Date "2022.11.16"]
[WhiteClock "0:01:45"]
[BlackClock "0:01:04"]

1. c4 Nf6 2. Nf3 g6 3. e3 Bg7 4. Nc3 O-O 5. Be2 b6 6. O-O c5 7. b3 Bb7 8. Bb2 Nc6 9. d4 cxd4 10. Nxd4 d6 11. Bf3 Rc8 12. Rc1 Qc7 13. Nd5 Qd7 14. Nxc6 Bxc6 15. Bxf6 exf6 16. Qe2 f5 17. Rfd1 b5 18. h3 bxc4 19. Qxc4 Kh8 20. Qh4 Bxd5 21. Bxd5 Rxc1 22. Rxc1 Rc8 23. Rxc8+ Qxc8 24. Bxf7 Qc1+ 25. Kh2 Be5+ 26. f4 Bb2 27. Bxg6 Qc7 28. Bxf5 Bc1 29. Qf6+ Qg7 30. Qd8+ Qg8 31. Qxd6 Qf7 32. Be6 Qf6 33. g4 Bxe3 34. Qb8+ Kg7 35. Qg8+ Kh6 36. g5+ Kh5 37. gxf6 Bxf4+ 38. Kg2 1-0


[Site "https://www.chess.com"]

[Event "Titled Tuesday Blitz November 15 Late 2022"]
[White "Maksimovic, Bojan"]
[Black "Leenhouts, Koen"]
[WhiteFideId "14408120"]
[BlackFideId "1008439"]
[WhiteElo "2447"]
[BlackElo "2409"]
[Result "1-0"]
[Round "04"]
[TimeControl "180+1"]
[Date "2022.11.16"]
[WhiteClock "0:00:57"]
[BlackClock "0:00:08"]

1. e4 e5 2. Nf3 d6 3. d4 exd4 4. Nxd4 Nf6 5. Nc3 Be7 6. Be2 O-O 7. O-O Re8 8. Re1 Bf8 9. Bf1 c6 10. Bf4 Nbd7 11. h3 Ne5 12. Bh2 Qb6 13. b3 Qa5 14. Qd2 d5 15. a3 dxe4 16. b4 Qd8 17. Nxe4 Nxe4 18. Rxe4 Ng6 19. Rxe8 Qxe8 20. Re1 Qd8 21. Qe3 c5 22. Nb5 cxb4 23. Nc7 Rb8 24. axb4 Bf5 25. Qxa7 Bxb4 26. Re8+ Qxe8 27. Nxe8 Rxe8 28. Qxb7 Bc5 29. Qb5 Rc8 30. Bd3 Bxd3 31. cxd3 h6 32. Bg3 h5 33. h4 Kh7 34. Kh2 f6 35. d4 Bxd4 36. Qxh5+ 1-0


[Site "https://www.chess.com"]

[Event "Titled Tuesday Blitz November 15 Late 2022"]
[White "Marcolino, Daniel Mattos"]
[Black "Bernat, David"]
[WhiteFideId "2106841"]
[BlackFideId "2099225"]
[WhiteElo "2095"]
[BlackElo "2339"]
[Result "0-1"]
[Round "04"]
[TimeControl "180+1"]
[Date "2022.11.16"]
[WhiteClock "0:00:07"]
[BlackClock "0:00:18"]

1. d4 d5 2. Nf3 Nf6 3. g3 c5 4. Bg2 Nc6 5. O-O cxd4 6. Nxd4 e6 7. c4 Be7 8. Nc3 O-O 9. cxd5 Nxd5 10. Nxd5 exd5 11. Be3 Bf6 12. Rc1 Be6 13. Nxc6 bxc6 14. Bd4 Bxd4 15. Qxd4 Qb6 16. Rc5 Rab8 17. b3 Rfe8 18. Rfc1 Bd7 19. e3 Qb4 20. Qxb4 Rxb4 21. Ra5 Rb7 22. Rcc5 g6 23. h4 h5 24. Ra6 Rc8 25. Kh2 Kf8 26. Bh3 Ke7 27. Bxd7 Kxd7 28. Ra4 Kd6 29. Rca5 Rcc7 30. Kg2 c5 31. Ra6+ Rc6 32. Rxa7 Rxa7 33. Rxa7 c4 34. bxc4 dxc4 35. Rb7 c3 36. Rb1 Kc5 37. Kf3 c2 38. Rc1 Kb4 39. Ke2 Kc3 40. f3 Kb2 41. Rf1 c1=Q 42. Rxc1 Rxc1 43. g4 Kxa2 44. gxh5 gxh5 45. f4 Rh1 0-1


[Site "https://www.chess.com"]

[Event "Titled Tuesday Blitz November 15 Late 2022"]
[White "Martinez Alcantara, Jose Eduardo"]
[Black "Urazayev, Arystanbek"]
[WhiteFideId "3805662"]
[BlackFideId "13709810"]
[WhiteElo "2705"]
[BlackElo "2441"]
[Result "0-1"]
[Round "04"]
[TimeControl "180+1"]
[Date "2022.11.15"]
[WhiteClock "0:00:21"]
[BlackClock "0:00:17"]

1. e4 c6 2. Nf3 d5 3. d3 dxe4 4. dxe4 Qxd1+ 5. Kxd1 Nf6 6. Nfd2 g5 7. Nc3 h5 8. Nb3 g4 9. Bd3 Bh6 10. Ke2 Nbd7 11. Bxh6 Rxh6 12. Ke3 Ne5 13. f4 gxf3 14. gxf3 Be6 15. Nd4 O-O-O 16. Be2 Rg6 17. Rhg1 Rdg8 18. Rxg6 Rxg6 19. Nxe6 fxe6 20. Kf2 h4 21. Rg1 Rxg1 22. Kxg1 Nh5 23. Kf2 Nf4 24. Bf1 Neg6 25. Ke3 e5 26. Nd1 Kc7 27. Nf2 b5 28. c4 a6 29. Ng4 Kd6 30. b4 Ne6 31. c5+ Kc7 32. Nh6 Nd4 33. Nf7 Kd7 34. Bh3+ Ke8 35. Ng5 Nf4 36. Bg4 Nc2+ 37. Kd2 Nxb4 38. a3 Nbd3 39. Kc3 Nxc5 40. Kb4 Nb7 41. Bc8 a5+ 42. Kc3 Nc5 43. Bh3 Nxh3 44. Nxh3 Ne6 45. Nf2 Nd4 46. Ng4 Nxf3 47. Kd3 a4 48. Ke3 Nd4 49. Kd3 Nf3 50. Ke3 b4 51. Kxf3 b3 52. Nxe5 b2 53. Kf4 b1=Q 54. Nf3 Qc1+ 55. Kg4 Qxa3 56. Nxh4 Qb4 57. Kg3 a3 58. Nf5 a2 59. Kf4 a1=Q 60. Ng7+ Kf7 61. Nf5 Qc1+ 62. Kg4 Qxe4+ 63. Kg3 Qxf5 64. Kg2 Qcf4 0-1


[Site "https://www.chess.com"]

[Event "Titled Tuesday Blitz November 15 Late 2022"]
[White "Martinez Reyes, Pedro Ramon"]
[Black "Sariego Figueredo, Wilfredo"]
[WhiteFideId "3901807"]
[BlackFideId "3500080"]
[WhiteElo "2354"]
[BlackElo "2309"]
[Result "1-0"]
[Round "04"]
[TimeControl "180+1"]
[Date "2022.11.16"]
[WhiteClock "0:00:21"]
[BlackClock "0:00:03"]

1. Nf3 c5 2. b3 d5 3. Bb2 Nf6 4. e3 e6 5. c4 Be7 6. cxd5 exd5 7. d4 cxd4 8. Nxd4 O-O 9. Nd2 Nc6 10. Be2 Ne4 11. Nxe4 dxe4 12. Nxc6 bxc6 13. Qxd8 Rxd8 14. Rc1 Bb4+ 15. Bc3 c5 16. Bxb4 cxb4 17. Rc4 a5 18. Rxe4 Bb7 19. Re7 Bxg2 20. Rg1 Bd5 21. e4 Be6 22. f4 Kf8 23. Rb7 g6 24. f5 gxf5 25. exf5 Bxf5 26. Rf1 Bg6 27. Bc4 Re8+ 28. Kd2 Rad8+ 29. Kc1 Rc8 30. Ra7 Rc5 31. Kb2 Re7 32. Ra8+ Kg7 33. a4 Rce5 34. Rf2 Rf5 35. Rxf5 Bxf5 36. Rxa5 Be6 37. Bd3 Rd7 38. Bc2 Rd2 39. h4 Rh2 40. Rh5 f5 41. a5 f4 42. a6 f3 43. a7 Rxc2+ 44. Kxc2 f2 45. a8=Q f1=Q 46. Qa7+ Bf7 47. Rg5+ Kf6 48. Qd4+ Ke7 49. Qxb4+ Kf6 50. Qd6+ 1-0


[Site "https://www.chess.com"]

[Event "Titled Tuesday Blitz November 15 Late 2022"]
[White "Megalios, Konstantinos"]
[Black "Quispe Santacruz, Javier"]
[WhiteFideId "4238044"]
[BlackFideId "3800920"]
[WhiteElo "2277"]
[BlackElo "1930"]
[Result "1-0"]
[Round "04"]
[TimeControl "180+1"]
[Date "2022.11.16"]
[WhiteClock "0:00:09"]
[BlackClock "0:00:12"]

1. e4 c5 2. Nf3 d6 3. d4 cxd4 4. Nxd4 Nf6 5. Nc3 g6 6. Be3 Bg7 7. f3 O-O 8. Qd2 Nc6 9. O-O-O d5 10. exd5 Nxd5 11. Nxc6 bxc6 12. Bd4 Bxd4 13. Qxd4 Qb6 14. Na4 Qa5 15. Kb1 e5 16. Qh4 Ne3 17. Qe1 Qxa4 18. Qxe3 Be6 19. b3 Qa5 20. Bd3 Rab8 21. Rhe1 f6 22. f4 Bg4 23. Bc4+ Kg7 24. Rd6 Qb4 25. Rxc6 Rfe8 26. Rc7+ Kh8 27. h3 Bf5 28. g4 Bc8 29. f5 gxf5 30. Rd1 f4 31. Qxa7 Rb7 32. Rxb7 Bxb7 33. Rd7 Be4 34. Qa6 Rf8 35. Rd8 Qe7 36. Rxf8+ Qxf8 37. Qe6 f3 38. g5 f2 39. gxf6 Bg2 40. Qxe5 f1=Q+ 41. Bxf1 Bxf1 42. f7+ Qg7 43. Qe8+ 1-0


[Site "https://www.chess.com"]